 Dungeon Crawl Stone Soup version 0.23.1 (webtiles) character file.

Game seed: 16955122520067929144

2923 Kisielow the Cleaver (level 9, -11/82 HPs)
             Began as a Hill Orc Abyssal Knight on Mar 13, 2019.
             Was a Priest of Lugonu.
             Mangled by a cyclops (16 damage)
             ... on level 8 of the Dungeon.
             The game lasted 00:15:33 (7911 turns).

Kisielow the Cleaver (Hill Orc Abyssal Knight)      Turns: 7911, Time: 00:15:33

Health: -11/82     AC: 16    Str: 16    XL:     9   Next: 79%
Magic:  10/10      EV:  7    Int: 12    God:    Lugonu [***...]
Gold:   482        SH:  0    Dex: 10    Spells: 8/8 levels left

rFire    . . .     SeeInvis .   p - +1 trident "Wown" {flame, rElec Str-2 Stlth+} (curse)
rCold    . . .     Gourm    .   (no shield)
rNeg     . . .     Faith    .   t - +0 chain mail
rPois    +         Spirit   .   j - +2 hat
rElec    +         Reflect  .   (no cloak)
rCorr    .         Harm     .   y - +0 pair of gloves
MR       .....                  (no boots)
Stlth    ..........             (no amulet)
HPRegen  0.23/turn              e - ring of poison resistance
MPRegen  0.12/turn              g - +3 ring of protection

@: no status effects
A: horns 1, blurry vision 1, evolution 1
a: Depart the Abyss, Bend Space, Banish, Renounce Religion


You were on level 8 of the Dungeon.
You worshipped Lugonu.
Lugonu was most pleased with you.
You were not hungry.

You visited 2 branches of the dungeon, and saw 9 of its levels.
You visited the Abyss 1 time.

You collected 482 gold pieces.

Inventory:

Hand Weapons
 a - a +2 hand axe of protection
 m - a +0 war axe
 p - the cursed +1 trident "Wown" (weapon) {flame, rElec Str-2 Stlth+}
   (You found it on level 7 of the Dungeon)

   It has been specially enchanted to burn those struck by it, causing extra
   injury to most foes and up to half again as much damage against particularly
   susceptible opponents.
   It affects your strength (-2).
   It insulates you from electricity.
   It makes you more stealthy.
   It has a curse placed upon it.
Missiles
 r - 5 tomahawks (quivered)
Armour
 j - a +2 hat (worn)
 t - a +0 chain mail (worn)
 y - a +0 pair of gloves (worn)
Jewellery
 e - a ring of poison resistance (left hand)
 g - a +3 ring of protection (right hand)
 h - a +2 ring of strength
Wands
 k - a wand of paralysis (5)
 w - a wand of flame (11)
Scrolls
 b - 2 scrolls of teleportation
 d - 2 scrolls of fear
 i - a scroll of enchant weapon
 l - a scroll of fog
 q - a scroll of identify
 u - 2 scrolls of amnesia
Potions
 n - 2 potions of cancellation
 o - a potion of haste
 v - a potion of resistance
 x - a potion of ambrosia
Comestibles
 c - 17 rations
 f - a chunk of flesh


   Skills:
 + Level 8.5 Fighting
 * Level 12.4 Axes
 + Level 7.3 Armour
 - Level 0.7 Dodging
 - Level 2.4 Invocations


You had 8 spell levels left.
You didn't know any spells.
Your spell library was empty.

Dungeon Overview and Level Annotations

Branches:
Dungeon (8/15)             Temple (1/1) D:7
   Lair: D:8-11

Altars:
Ashenzari
Cheibriados
Dithmenos
Elyvilon
Fedhas
Gozag
Hepliaklqana
Kikubaaqudgha
Makhleb
Nemelex Xobeh
Okawaru
Qazlal
Ru
Sif Muna
Trog
Uskayaw
Vehumet
Wu Jian
Xom
Zin
The Shining One

Shops:
D:8 *

Annotations:
D:5 2 runed translucent doors


Innate Abilities, Weirdness & Mutations

You have a pair of small horns on your head.
Scrolls take you a little longer to read.
You evolve.


Message History

The worker ant bites you but does no damage.
The helpless cyclops fails to defend itself.
You puncture the cyclops! You burn the cyclops.
You headbutt the cyclops, but do no damage.
The cyclops is heavily wounded.
The worker ant bites you but does no damage.
The helpless cyclops fails to defend itself.
You hit the cyclops. You burn the cyclops.
The cyclops is heavily wounded.
The cyclops is no longer paralysed.
The cyclops hits you!!
* * * LOW HITPOINT WARNING * * *
The worker ant bites you but does no damage.
You hit the cyclops but do no damage.
The cyclops is heavily wounded.
The worker ant closely misses you.
The cyclops hits you but does no damage.
Your chain mail prevents you from hitting the cyclops.
The cyclops is heavily wounded.
The worker ant barely misses you. The cyclops hits you!
You die...

############
#........$..
#....>......
#...........
#...@C......
#..a........
#####...$......$
#...(...........
#.##############
#.# #.# #.# #.#


You could see a cyclops and a worker ant.

Vanquished Creatures
  A two-headed ogre (D:6)
  Sigmund (D:2)
  A water moccasin (D:5)
  A black bear (D:7)
  A sky beast (D:5)
  An ogre (D:5)
  A phantom (D:6)
  A centaur (D:7)
  2 bullfrogs
  A water moccasin zombie (D:6)
  2 scorpions
  5 killer bees (D:7)
  A howler monkey (D:5)
  2 crimson imps
  2 bullfrog zombies
  5 hounds
  4 orc priests
  3 centaur skeletons
  5 orc wizards
  Jessica (D:3)
  An iguana (D:7)
  4 worker ants
  A hound skeleton (D:3)
  A worker ant zombie (D:6)
  A gnoll (D:1)
  A howler monkey skeleton (D:7)
  10 adders
  2 shadow imps
  2 oozes
  An adder skeleton (D:6)
  3 worms (D:2)
  4 dart slugs
  4 leopard geckos
  30 orcs
  5 bats
  2 giant cockroaches
  9 goblins
  5 hobgoblins
  14 jackals
  2 quokkas
  4 ball pythons
  4 frilled lizards
  3 kobolds
  A leopard gecko zombie (D:7)
  7 rats
162 creatures vanquished.

Notes
Turn   | Place    | Note
-------+----------+-------------------------------------------
     0 | Abyss:1  | Kisielow the Hill Orc Abyssal Knight began the quest for
                  | the Orb.
     0 | Abyss:1  | Reached XP level 1. HP: 19/19 MP: 2/2
    87 | Abyss:1  | Noticed a large abomination
    89 | D:1      | Escaped the Abyss
   199 | D:1      | Reached skill level 3 in Axes
   259 | D:1      | Reached * piety under Lugonu
   265 | D:1      | Reached XP level 2. HP: 19/26 MP: 3/3
   457 | D:1      | Reached skill level 4 in Axes
   662 | D:1      | Reached XP level 3. HP: 27/31 MP: 4/4
   744 | D:1      | Reached skill level 5 in Axes
  1494 | D:2      | Reached XP level 4. HP: 31/40 MP: 5/5
  1762 | D:2      | Noticed Sigmund
  1772 | D:2      | Killed Sigmund
  1772 | D:2      | Reached skill level 6 in Axes
  1772 | D:2      | Reached XP level 5. HP: 47/47 MP: 6/6
  1813 | D:2      | Found a sacrificial altar of Ru.
  1975 | D:2      | Reached XP level 6. HP: 42/53 MP: 7/7
  2145 | D:3      | Found a shimmering altar of Xom.
  2165 | D:3      | Reached ** piety under Lugonu
  2234 | D:3      | Found a radiant altar of Vehumet.
  2246 | D:3      | Reached skill level 7 in Axes
  2280 | D:3      | Found a glowing golden altar of the Shining One.
  2365 | D:3      | Found a burning altar of Makhleb.
  2449 | D:3      | Found a hazy altar of Hepliaklqana.
  2739 | D:3      | Noticed Jessica
  2750 | D:3      | Killed Jessica
  2903 | D:3      | Reached skill level 5 in Fighting
  3040 | D:3      | Found an iron altar of Okawaru.
  3140 | D:4      | Reached XP level 7. HP: 55/61 MP: 8/8
  3239 | D:4      | Found a snail-covered altar of Cheibriados.
  3314 | D:4      | Reached skill level 8 in Axes
  3496 | D:4      | Found a sparkling altar of Nemelex Xobeh.
  3575 | D:5      | Entered Level 5 of the Dungeon
  4281 | D:5      | Reached skill level 9 in Axes
  4281 | D:5      | Reached XP level 8. HP: 47/70 MP: 9/9
  4648 | D:5      | Found a glowing silver altar of Zin.
  4648 | D:5      | Noticed an angel
  4677 | D:5      | Reached skill level 5 in Armour
  4823 | D:5      | Found a runed translucent door.
  4824 | D:5      | Found a runed translucent door.
  5347 | D:6      | Noticed a two-headed ogre
  5364 | D:6      | HP: 1/71 [two-headed ogre/+0 dire flail of venom (5)]
  5366 | D:6      | Killed a two-headed ogre
  5366 | D:6      | Reached skill level 11 in Axes
  5366 | D:6      | Reached XP level 9. HP: 9/79 MP: 10/10
  5716 | D:6      | Reached *** piety under Lugonu
  5826 | D:6      | Found an opulent altar of Gozag.
  5858 | D:6      | Found a shattered altar of Ashenzari.
  6567 | D:7      | Reached skill level 12 in Axes
  6610 | D:7      | Found a staircase to the Ecumenical Temple.
  6632 | Temple   | Entered the Ecumenical Temple
  6902 | D:7      | Gained mutation: You expend magic power (3 MP) to
                  | strengthen your wands. [potion of mutation]
  6902 | D:7      | Gained mutation: Your spells are a little harder to cast,
                  | but a little more powerful. [potion of mutation]
  7082 | D:7      | Got a bloodstained trident
  7083 | D:7      | Identified the cursed +1 trident "Wown" {flame, rElec Str-2
                  | Stlth+} (You found it on level 7 of the Dungeon)
  7534 | D:7      | Lost mutation: You expend magic power (3 MP) to strengthen
                  | your wands. [potion of mutation]
  7534 | D:7      | Lost mutation: Your spells are a little harder to cast, but
                  | a little more powerful. [potion of mutation]
  7534 | D:7      | Gained mutation: You have a pair of small horns on your
                  | head. [potion of mutation]
  7534 | D:7      | Gained mutation: Scrolls take you a little longer to read.
                  | [potion of mutation]
  7534 | D:7      | Gained mutation: You evolve. [potion of mutation]
  7807 | D:8      | Found Zigenah's Assorted Antiques.
  7891 | D:8      | Noticed a cyclops
  7911 | D:8      | Mangled by a cyclops

Skill      XL: |  1  2  3  4  5  6  7  8  9 |
---------------+----------------------------+-----
Axes           | 3 4 5 6 7 9 11 12 | 12.4
Fighting       | 4 5 6 7 8 |  8.5
Armour         | 3 4 6 7 |  7.3
Dodging        | |  0.7
Invocations    | |  2.4

Action                   |  1- 3 |  4- 6 |  7- 9 || total
-------------------------+-------+-------+-------++-------
Melee: Hand axe          |    96 |   127 |   267 ||   490
       War axe           |       |       |   167 ||   167
       Trident           |       |       |    34 ||    34
       Headbutt          |       |       |     4 ||     4
Invok: Depart the Abyss  |     1 |       |       ||     1
Evoke: Wand              |       |       |     1 ||     1
  Use: Scroll            |     2 |     3 |    10 ||    15
       Potion            |       |     3 |     8 ||    11
 Stab: Paralysed         |       |       |     3 ||     3
  Eat: Chunk             |     2 |     5 |    16 ||    23
Armor: Leather armour    |    28 |    24 |       ||    52
       Ring mail         |       |    28 |       ||    28
       Chain mail        |       |       |   328 ||   328
Dodge: Dodged            |    59 |    56 |   173 ||   288
